 Dungeon Sprint DCSS version 0.21-a0-630-g344d351 (webtiles) character file.

59661 minicreteconcrete the Warrior (level 14, -5/136 HPs)
             Began as a Demonspawn Berserker on Dec 5, 2017.
             Was a High Priest of Trog.
             Slain by an emperor scorpion (9 damage)
             ... in the Dungeon (Sprint IX: "|||||||||||||||||||||||||||||") on Dec 26, 2017.
             The game lasted 00:24:49 (4890 turns).

minicreteconcrete the Warrior (DsBe)                Turns: 4890, Time: 00:24:50

Health: -5/136     AC: 24    Str: 20    XL:     14   Next: 54%
Magic:  16/16      EV: 21    Int: 10    God:    Trog [*****.]
Gold:   398        SH:  0    Dex: 19    Spells: 13/13 levels left

rFire    + . .     SeeInvis .   T - +12 glaive of Mirphaev {freeze, Str+3 Stlth+}
rCold    . . .     Gourm    .   (shield currently unavailable)
rNeg     + . .     Faith    .   M - +3 plate armour {rN+}
rPois    .         Spirit   .   (helmet restricted)
rElec    .         Reflect  .   D - +0 cloak
rCorr    +         Harm     .   p - +0 pair of gloves
MR       +....     NoTele   +   E - +0 pair of boots
Stlth    ++........             (no amulet)
HPRegen  0.32/turn              I - +6 ring of evasion
MPRegen  0.15/turn              t - +2 ring of evasion

@: lethally poisoned (-5 -> -37)
A: horns 1, yellow scales 3, clever 1, deformed body, fire resistance 1, ignite
blood, nightstalker 2, shaggy fur 1, flame cloud immunity
a: Berserk, Trog's Hand, Brothers in Arms, Burn Spellbooks, Renounce Religion


You were in the Dungeon.
You worshipped Trog.
Trog was extremely pleased with you.
You were not hungry.

You visited 1 branch You collected 1920 gold pieces.
You spent 1522 gold pieces at shops.

Inventory:

Hand Weapons
 a - a +8 antimagic dire flail
 b - the +8 whip of Checks and Balances {drain, +Fly MP+9 Dex+5}
   (You bought it in a shop in the Dungeon)

   A truly terrible weapon, it drains the life of those it strikes.
   It affects your dexterity (+5).
   It affects your magic capacity (+9).
   It lets you fly.
 w - the +10 dire flail of Sudden Death {venom, rElec rN+ Int+7}
   (Trog gifted it to you in the Dungeon)

   It poisons the flesh of those it strikes.
   It affects your intelligence (+7).
   It insulates you from electricity.
   It protects you from negative energy.
 z - a +1 antimagic great sword
 T - the +12 glaive of Mirphaev (weapon) {freeze, Str+3 Stlth+}
   (Trog gifted it to you in the Dungeon)

   It has been specially enchanted to freeze those struck by it, causing extra
   injury to most foes and up to half again as much damage against particularly
   susceptible opponents.
   It can also slow down cold-blooded creatures.
   It affects your strength (+3).
   It makes you more stealthy.
Missiles
 U - 2 silver javelins (quivered)
 V - a throwing net
 W - 6 tomahawks
Armour
 p - a +0 pair of gloves (worn)
 D - a +0 cloak (worn)
 E - a +0 pair of boots (worn)
 M - a +3 plate armour of positive energy (worn)
 N - +1 ice dragon scales
Magical Staves
 n - an uncursed staff of energy
Jewellery
 j - a +6 ring of intelligence
 o - a +2 ring of slaying
 q - a +4 ring of protection
 r - a +6 ring of strength
 s - a +3 ring of intelligence
 t - a +2 ring of evasion (right hand)
 F - an uncursed ring of protection from fire
 H - the amulet "Voipnaun" {Spirit -Tele MR+++ Str+8 Dex-4}
   (You bought it in a shop in the Dungeon)

   [amulet of guardian spirit]

   It causes incoming damage to be split between your health and magic.
   It affects your strength (+8).
   It affects your dexterity (-4).
   It affects your resistance to hostile enchantments.
   It prevents most forms of teleportation.
 I - a +6 ring of evasion (left hand)
 K - an uncursed ring of protection from magic
 L - an uncursed ring of protection from fire
Wands
 m - a wand of acid (6)
Scrolls
 i - 2 scrolls of blinking
 l - 4 scrolls of remove curse
 x - 14 scrolls of enchant armour
 y - 2 scrolls of enchant weapon
 G - 2 scrolls of identify
 P - 2 scrolls of fear
 Q - 3 scrolls of fog
Potions
 d - 9 potions of curing
 e - 10 potions of heal wounds
 f - a potion of haste
 g - 4 potions of magic
 h - 3 potions of berserk rage
 k - a potion of invisibility
 A - a potion of might
 O - 2 potions of resistance
Books
 u - a book of Callings

   Spells                             Type                      Level
   a - Summon Small Mammal            Summoning                    1
   b - Call Imp                       Summoning                    2
   c - Call Canine Familiar           Summoning                    3
   d - Summon Guardian Golem          Hexes/Summoning              3
   e - Summon Lightning Spire         Summoning/Air                4
   f - Summon Ice Beast               Ice/Summoning                4
   Trog disapproves of the use of such an item.
Comestibles
 c - 8 rations
 v - a ration
 B - 8 rations
 C - 12 rations


   Skills:
 + Level 20.3 Fighting
 - Level 19.3 Maces & Flails
 * Level 17.1 Polearms
 * Level 4.2 Throwing
 + Level 14.4 Armour
 + Level 10.8 Dodging
 + Level 6.9 Stealth
 + Level 3.6 Evocations


You had 13 spell levels left.
You didn't know any spells.

Dungeon Overview and Level Annotations

Branches:
Dungeon (1/1)

Altars:
Cheibriados
Dithmenos
Elyvilon
Fedhas
Gozag
Hepliaklqana
Kikubaaqudgha
Makhleb
Nemelex Xobeh
Okawaru
Qazlal
Ru
Sif Muna
Trog
Uskayaw
Vehumet
Wu Jian
Xom
Yredelemnul
Zin
The Shining One
Beogh
Jiyva
Lugonu

Shops:
D (:=!


Innate Abilities, Weirdness & Mutations

You have a pair of small horns on your head.
You are completely covered in yellow scales. (AC +4, rCorr)
Your flesh is heat resistant. (rF+)
Your demonic aura causes spilled blood to erupt in flames.
You are significantly more attuned to the shadows.
You are immune to clouds of flame.
Your mind is acute. (Int +2)
Armour fits poorly on your strangely shaped body.
You are covered in fur. (AC +1)


Message History

The emperor scorpion misses you.
The emperor scorpion claws you but does no damage. x2
Unknown command.
* * * LOW HITPOINT WARNING * * *
You feel very sick.
Unknown command.
You closely miss the emperor scorpion.
Your headbutt misses the emperor scorpion.
The emperor scorpion is almost dead.
* * * LOW HITPOINT WARNING * * *
You feel very sick.
The emperor scorpion is engulfed in blazing flames.
The emperor scorpion misses you. The emperor scorpion claws you!
* * * LOW HITPOINT WARNING * * *
The emperor scorpion claws you.
* * * LOW HITPOINT WARNING * * *
The emperor scorpion is engulfed in blazing flames.
The emperor scorpion closely misses you.
The emperor scorpion claws you!
You die...

▓.▓.▓)▓.▓(▓.▓.▓.▓.
▓.▓.▓.▓.▓(▓.▓.▓.▓.
▓.▓.▓.▓.▓(▓.▓.▓.▓.
▓.▓.▓.▓.▓.▓.▓.▓.▓'
▓.▓.▓.▓.▓.▓.▓.▓.▓.
▓'▓.▓.▓.▓.▓.▓.▓.▓.
▓y▓.▓.▓.▓.▓.▓.▓.▓.
▓s▓.▓.▓.▓.▓.▓.▓.▓.
▓@▓.▓.▓.▓.▓.▓.▓.▓.
▓.▓.▓.▓.▓.▓.▓.▓.▓.
▓.▓.▓.▓.▓.▓.▓.▓.▓.
▓.▓.▓.▓.▓.▓)▓.▓.▓.
▓...▓...▓)))▓...▓.
▓▓▓▓▓▓▓▓▓▓▓▓▓▓▓▓▓▓


You could see an emperor scorpion (berserk) and a moth of wrath.

Vanquished Creatures
  Boris (D)
  Xtahua (D)
  A thorn hunter (D)
  A draconian monk (D)
  2 vault wardens (D)
  3 emperor scorpions (D)
  A stone giant (D)
  A very ugly thing (D)
  An ironheart preserver (D)
  An ettin (D)
  A yaktaur captain (D)
  2 great orbs of eyes (D)
  A hydra (D)
  Erolcha (D)
  An ice dragon (D)
  2 ogre magi (D)
  A deep troll shaman (D)
  A centaur warrior (D)
  A two-headed ogre (D)
  An orc high priest (D)
  A fire crab (shapeshifter) (D)
  An unseen horror (D)
  A wizard (D)
  2 orc knights (D)
  An ironbrand convoker (D)
  A necromancer (D)
  An orb spider (D)
  4 cyclopes (D)
  A deep elf mage (D)
  An ugly thing (D)
  5 wolf spiders (D)
  A manticore (shapeshifter) (D)
  A moth of wrath (shapeshifter) (D)
  A manticore (D)
  A black mamba (D)
  3 vault sentinels (D)
  A merfolk siren (D)
  2 naga magi (D)
  2 spiny frogs (D)
  A gargoyle (D)
  A rime drake (D)
  2 komodo dragons (D)
  3 yaktaurs (D)
  A freezing wraith (D)
  A jumping spider (D)
  A blink frog (D)
  A bog body (D)
  A hippogriff (D)
  A slime creature (D)
  3 redbacks (D)
  A tarantella (D)
  A wraith (D)
  2 yaks (D)
  A hungry ghost (D)
  A naga (D)
  A water moccasin (D)
  2 porcupines (D)
  3 orc warriors (D)
  A boggart (D)
  An ogre (D)
  A centaur (D)
  A crocodile (D)
  A big kobold (D)
  7 bullfrogs (D)
  A crimson imp (D)
  A hound (D)
  5 orc priests (D)
  An iguana (D)
  6 orc wizards (D)
  An adder (D)
  An adder zombie (D)
  A dart slug (D)
  5 orcs (D)
  A bat (D)
  A bat zombie (D)
  A giant cockroach (D)
  A kobold (D)
  A quokka skeleton (D)
  A quokka zombie (D)
  A rat (D)
125 creatures vanquished.

Vanquished Creatures (collateral kills)
  An Orb Guardian (D)
  A sphinx (D)
  2 fire giants (D)
  2 stone giants (D)
  Nessos (D)
  A very ugly thing (D)
  A merfolk impaler (D)
  A yaktaur captain (D)
  A rakshasa (D)
  A vault guard (D)
  An anaconda (D)
  A naga warrior (D)
  An ice dragon (D)
  A merfolk aquamancer (D)
  An alligator (D)
  An ogre mage (D)
  A deep troll shaman (D)
  A shock serpent (D)
  3 orc high priests (D)
  5 death yaks (D)
  2 tengu warriors (D)
  A naga sharpshooter (D)
  A deep troll (shapeshifter) (D)
  A naga ritualist (D)
  A necromancer (D)
  3 orc knights (D)
  An ironbrand convoker (D)
  An ugly thing (D)
  2 merfolk (D)
  2 wind drakes (D)
  A tyrant leech (D)
  A spriggan (D)
  A water elemental (D)
  3 yaks (D)
  An insubstantial wisp (D)
  7 orc warriors (D)
  A crimson imp (D)
  6 orc priests (D)
64 creatures vanquished.

Grand Total: 189 creatures vanquished

Notes
Turn   | Place    | Note
-------+----------+-------------------------------------------
     0 | D        | minicreteconcrete the Demonspawn Berserker began the quest for the Orb.
     0 | D        | Reached XP level 1. HP: 18/18 MP: 1/1
     9 | D        | Reached ** piety under Trog
    84 | D        | Noticed an iguana
    84 | D        | Noticed an ogre
    84 | D        | Noticed a hound
    88 | D        | Reached *** piety under Trog
    88 | D        | Gained mutation: You are slightly more attuned to the shadows. [demonic ancestry]
    88 | D        | Reached XP level 2. HP: 22/25 MP: 2/2
    97 | D        | Reached skill level 5 in Fighting
    97 | D        | Gained mutation: You are significantly more attuned to the shadows. [demonic ancestry]
    97 | D        | Reached XP level 3. HP: 19/33 MP: 3/3
    99 | D        | Killed an ogre
    99 | D        | Reached skill level 6 in Fighting
    99 | D        | Gained mutation: Your flesh is heat resistant. (rF+) [demonic ancestry]
    99 | D        | Reached XP level 4. HP: 24/41 MP: 4/4
   102 | D        | Reached **** piety under Trog
   102 | D        | Reached XP level 5. HP: 28/47 MP: 5/5
   110 | D        | Found a roughly hewn altar of Beogh.
   110 | D        | Found a snail-covered altar of Cheibriados.
   110 | D        | Found a shadowy altar of Dithmenos.
   110 | D        | Found a white marble altar of Elyvilon.
   111 | D        | Found a blossoming altar of Fedhas.
   112 | D        | Found an opulent altar of Gozag.
   113 | D        | Found a hazy altar of Hepliaklqana.
   114 | D        | Found a viscous altar of Jiyva.
   115 | D        | Found an ancient bone altar of Kikubaaqudgha.
   116 | D        | Found a corrupted altar of Lugonu.
   117 | D        | Found a burning altar of Makhleb.
   118 | D        | Found a sparkling altar of Nemelex Xobeh.
   119 | D        | Found an iron altar of Okawaru.
   120 | D        | Found a stormy altar of Qazlal.
   121 | D        | Found a sacrificial altar of Ru.
   122 | D        | Found a deep blue altar of Sif Muna.
   123 | D        | Found a bloodstained altar of Trog.
   124 | D        | Found a hide-covered altar of Uskayaw.
   125 | D        | Found a radiant altar of Vehumet.
   126 | D        | Found an ornate altar of the Wu Jian Council.
   127 | D        | Found a shimmering altar of Xom.
   128 | D        | Found a basalt altar of Yredelemnul.
   129 | D        | Found a glowing silver altar of Zin.
   130 | D        | Found a glowing golden altar of the Shining One.
   181 | D        | Noticed a hungry ghost
   181 | D        | Noticed a centaur
   182 | D        | Noticed a wraith
   186 | D        | Killed a centaur
   186 | D        | Reached skill level 7 in Fighting
   190 | D        | Reached skill level 8 in Fighting
   190 | D        | Reached skill level 5 in Dodging
   190 | D        | Gained mutation: You are partially covered in yellow scales. (AC +2) [demonic ancestry]
   190 | D        | Reached XP level 6. HP: 56/56 MP: 6/6
   201 | D        | Killed a hungry ghost
   208 | D        | Reached skill level 9 in Fighting
   216 | D        | Killed a wraith
   216 | D        | Reached ***** piety under Trog
   216 | D        | Gained mutation: You are mostly covered in yellow scales. (AC +3) [demonic ancestry]
   216 | D        | Reached XP level 7. HP: 64/64 MP: 7/7
   267 | D        | Noticed a cyclops
   272 | D        | Noticed a two-headed ogre
   274 | D        | Received a gift from Trog
   277 | D        | Killed a cyclops
   277 | D        | Reached skill level 10 in Fighting
   277 | D        | Gained mutation: You are completely covered in yellow scales. (AC +4, rCorr) [demonic ancestry]
   277 | D        | Reached XP level 8. HP: 32/72 MP: 8/8
   293 | D        | Killed a two-headed ogre
   293 | D        | Reached skill level 11 in Fighting
   293 | D        | Reached skill level 5 in Armour
   293 | D        | Reached skill level 1 in Evocations
   457 | D        | Noticed a komodo dragon
   457 | D        | Noticed a komodo dragon
   462 | D        | Killed a komodo dragon
   468 | D        | Killed a komodo dragon
   468 | D        | Gained mutation: You are immune to clouds of flame. [demonic ancestry]
   468 | D        | Reached XP level 9. HP: 81/81 MP: 10/10
   474 | D        | Reached ****** piety under Trog
   488 | D        | Received a gift from Trog
   528 | D        | Noticed a rime drake
   528 | D        | Noticed a spiny frog
   535 | D        | Killed a spiny frog
   537 | D        | Reached skill level 1 in Stealth
   541 | D        | Reached skill level 12 in Fighting
   547 | D        | Killed a rime drake
   551 | D        | Received a gift from Trog
   792 | D        | Reached XP level 10. HP: 68/89 MP: 12/12
   943 | D        | Noticed a death yak
   943 | D        | Noticed a death yak
   948 | D        | Killed a death yak
   948 | D        | Reached skill level 15 in Maces & Flails
   949 | D        | Noticed a death yak
   950 | D        | Killed a death yak
   953 | D        | Noticed a death yak
   954 | D        | Killed a death yak
   954 | D        | Received a gift from Trog
   959 | D        | Noticed a death yak
   961 | D        | Killed a death yak
   963 | D        | Killed a death yak
  1164 | D        | Received a gift from Trog
  1185 | D        | Received a gift from Trog
  1186 | D        | Got a transparent triple sword {god gift}
  1187 | D        | Identified the +1 triple sword "Yheizetz" {flame, Str+5} (Trog gifted it to you in the Dungeon)
  1241 | D        | Reached skill level 13 in Fighting
  1245 | D        | Noticed an orc knight
  1265 | D        | Killed an orc knight
  1265 | D        | Reached skill level 1 in Polearms
  1267 | D        | Received a gift from Trog
  1277 | D        | Noticed an orc knight
  1281 | D        | Noticed an orc knight
  1283 | D        | Killed an orc knight
  1285 | D        | Killed an orc knight
  1340 | D        | Noticed an orc high priest
  1340 | D        | Noticed an orc high priest
  1342 | D        | Noticed a rust devil
  1348 | D        | Noticed an orc high priest
  1363 | D        | Killed an orc high priest
  1363 | D        | Reached XP level 11. HP: 36/98 MP: 13/13
  1367 | D        | Killed an orc high priest
  1368 | D        | Received a gift from Trog
  1372 | D        | Killed an orc high priest
  1382 | D        | Found Zerhoix's Distillery.
  1386 | D        | Found Inisuiqi's Jewellery Shop.
  1392 | D        | Found Avoafa's Book Boutique.
  1395 | D        | Upgraded the game from 0.21-a0-518-g43a1781 to 0.21-a0-630-g344d351
  1396 | D        | Found Umacumea's Antique Weapon Shop.
  1403 | D        | HP: 2/99 [orc priest/divine providence (9)]
  1405 | D        | Noticed an orc high priest
  1418 | D        | Killed an orc high priest
  1433 | D        | Bought an iridescent whip for 232 gold pieces
  1433 | D        | Identified the +8 whip of Checks and Balances {drain, +Fly MP+9 Dex+5} (You bought it in a shop in the Dungeon)
  1438 | D        | Bought the amulet "Voipnaun" {Spirit -Tele MR+++ Str+8 Dex-4} for 510 gold pieces
  1439 | D        | Bought a +6 ring of evasion for 780 gold pieces
  1716 | D        | Gained mutation: Armour fits poorly on your strangely shaped body. [potion of mutation]
  1716 | D        | Gained mutation: You are covered in fur. (AC +1) [potion of mutation]
  1716 | D        | Gained mutation: Your mind is acute. (Int +2) [potion of mutation]
  1726 | D        | Noticed a deep elf mage
  1731 | D        | Received a gift from Trog
  1734 | D        | Reached skill level 14 in Fighting
  1744 | D        | Killed a deep elf mage
  1756 | D        | Noticed a necromancer
  1762 | D        | Noticed a stone giant
  1762 | D        | Noticed a fire crab
  1762 | D        | a yak changed into a fire crab
  1766 | D        | Killed an unseen horror
  1766 | D        | Reached skill level 5 in Stealth
  1769 | D        | Killed a fire crab
  1780 | D        | Killed a stone giant
  1780 | D        | Received a gift from Trog
  1780 | D        | Reached skill level 15 in Fighting
  1787 | D        | Killed a necromancer
  1787 | D        | Received a gift from Trog
  2012 | D        | Noticed a stone giant
  2013 | D        | Noticed a great orb of eyes
  2017 | D        | Noticed a great orb of eyes
  2018 | D        | Killed a stone giant
  2019 | D        | Noticed a deep troll shaman
  2020 | D        | Noticed a wizard
  2022 | D        | Killed a great orb of eyes
  2027 | D        | Killed a great orb of eyes
  2027 | D        | Reached skill level 10 in Armour
  2036 | D        | Killed a deep troll shaman
  2036 | D        | Reached XP level 12. HP: 91/111 MP: 4/14
  2124 | D        | Noticed Erolcha
  2136 | D        | Killed Erolcha
  2136 | D        | Received a gift from Trog
  2136 | D        | Reached skill level 16 in Fighting
  2136 | D        | Reached skill level 10 in Dodging
  2143 | D        | Noticed Nessos
  2150 | D        | Killed Nessos
  2254 | D        | Received a gift from Trog
  2561 | D        | Noticed an alligator
  2561 | D        | Noticed a thorn hunter
  2564 | D        | Noticed a seven-headed hydra
  2574 | D        | Killed a thorn hunter
  2574 | D        | Reached skill level 17 in Fighting
  2579 | D        | Killed an alligator
  2586 | D        | Killed an eight-headed hydra
  2586 | D        | Received a gift from Trog
  2596 | D        | Noticed a red very ugly thing
  2608 | D        | Killed a red very ugly thing
  2735 | D        | Noticed a naga warrior
  2757 | D        | Killed a naga warrior
  2757 | D        | Reached skill level 18 in Fighting
  2770 | D        | Noticed an anaconda
  2771 | D        | Killed an anaconda
  2771 | D        | Received a gift from Trog
  3050 | D        | Noticed a merfolk impaler
  3056 | D        | Received a gift from Trog
  3056 | D        | Gained mutation: You have a pair of small horns on your head. [demonic ancestry]
  3056 | D        | Reached XP level 13. HP: 110/122 MP: 5/15
  3057 | D        | Got a bloodstained glaive {god gift}
  3066 | D        | Identified the +12 glaive of Mirphaev {freeze, Str+3 Stlth+} (Trog gifted it to you in the Dungeon)
  3074 | D        | Killed a merfolk impaler
  3074 | D        | Received a gift from Trog
  3423 | D        | Noticed a stone giant
  3424 | D        | Noticed a sphinx
  3426 | D        | Received a gift from Trog
  3428 | D        | Killed a stone giant
  3428 | D        | Reached skill level 5 in Polearms
  3429 | D        | Killed a sphinx
  3434 | D        | Noticed a red very ugly thing
  3435 | D        | Noticed a fire giant
  3438 | D        | Killed a red very ugly thing
  3438 | D        | Reached skill level 19 in Fighting
  3439 | D        | Killed a fire giant
  3439 | D        | Received a gift from Trog
  3443 | D        | Noticed an ettin
  3455 | D        | Noticed a fire giant
  3460 | D        | Killed an ettin
  3468 | D        | Killed a fire giant
  3474 | D        | Received a gift from Trog
  3487 | D        | Noticed an ironheart preserver
  3491 | D        | Noticed a green draconian monk
  3491 | D        | Noticed a vault warden
  3501 | D        | Killed a green draconian monk
  3504 | D        | Killed a vault warden
  3513 | D        | Noticed an Orb Guardian
  3523 | D        | Killed an Orb Guardian
  3523 | D        | Reached skill level 10 in Polearms
  3526 | D        | Received a gift from Trog
  3551 | D        | Killed an ironheart preserver
  3844 | D        | Received a gift from Trog
  3869 | D        | Gained mutation: Your demonic aura causes spilled blood to erupt in flames. [demonic ancestry]
  3869 | D        | Reached XP level 14. HP: 109/134 MP: 16/16
  3874 | D        | Received a gift from Trog
  3884 | D        | Noticed a vault warden
  3889 | D        | Killed a vault warden
  3892 | D        | Received a gift from Trog
  3892 | D        | Reached skill level 20 in Fighting
  3893 | D        | Identified the +10 dire flail of Sudden Death {venom, rElec rN+ Int+7} (Trog gifted it to you in the Dungeon)
  4037 | D        | Noticed Xtahua
  4037 | D        | Paralysed by Xtahua for 7 turns
  4052 | D        | Killed Xtahua
  4052 | D        | Reached skill level 15 in Polearms
  4052 | D        | Reached skill level 1 in Throwing
  4199 | D        | Noticed Boris
  4215 | D        | Killed Boris
  4215 | D        | Received a gift from Trog
  4616 | D        | Noticed an emperor scorpion
  4616 | D        | Noticed an emperor scorpion
  4619 | D        | Noticed an emperor scorpion
  4638 | D        | Killed an emperor scorpion
  4645 | D        | Killed an emperor scorpion
  4655 | D        | Killed an emperor scorpion
  4845 | D        | Noticed an emperor scorpion
  4890 | D        | HP: 6/136 [emperor scorpion (10)]
  4890 | D        | Slain by an emperor scorpion

Vault maps used:
D:        linesprint

Skill      XL: |  1  2  3  4  5  6  7  8  9 10 11 12 13 14 |
---------------+-------------------------------------------+-----
Maces & Flails | 3 4 6 8 9 11 12 14 16 17 19 | 19.3
Armour         | 2 3 4 5 6 8 10 12 14 | 14.4
Dodging        | 2 3 4 5 6 8 9 10 | 10.8
Fighting       | 5 6 8 9 10 11 12 13 15 18 19 20 | 20.3
Evocations     | 2 3 |  3.6
Stealth        | 1 3 5 6 |  6.9
Polearms       | 1 2 3 12 17 | 17.1
Throwing       | 4 |  4.2

Action                   |  1- 3 |  4- 6 |  7- 9 | 10-12 | 13-15 || total
-------------------------+-------+-------+-------+-------+-------++-------
Melee: Mace              |    25 |     2 |       |       |       ||    27
       Dire flail        |       |    32 |    75 |   269 |     5 ||   381
       Bardiche          |       |       |       |     1 |       ||     1
       Glaive            |       |       |       |       |   152 ||   152
       Headbutt          |       |       |       |       |    39 ||    39
Invok: Berserk           |     1 |     1 |     3 |       |     1 ||     6
       Trog's Hand       |       |     1 |     3 |     6 |     6 ||    16
       Brothers in Arms  |       |       |       |    11 |    11 ||    22
Evoke: Wand              |       |       |     4 |       |       ||     4
  Use: Potion            |       |       |       |     2 |     2 ||     4
       Scroll            |       |       |       |       |     2 ||     2
 Stab: Sleeping          |       |       |     1 |     1 |     1 ||     3
       Distracted        |       |       |       |       |     1 ||     1
  Eat: Chunk             |       |       |     8 |    10 |     3 ||    21
       Ration            |       |       |       |     1 |     4 ||     5
Armor: Animal skin       |     7 |       |       |       |       ||     7
       Ring mail         |       |     8 |    20 |     9 |       ||    37
       Plate armour      |       |       |       |    48 |    89 ||   137
Dodge: Dodged            |    15 |    18 |    24 |   137 |   147 ||   341

Table legend:
 A = Spawn XP
 B = Non-spawn XP
 C = Spawn XP percentage of total XP
 D = Spawn monster count
 E = Non-spawn monster count
 F = Spawn count percentage of total count
 G = Total turns spent on level
                    A         B        C        D         E        F      G
               +---------+---------+-------+---------+---------+-------+---------
         Total |       0 |   85231 |   0.0 |       0 |     189 |   0.0 |  4890
               +---------+---------+-------+---------+---------+-------+---------
             D |       0 |   85231 |   0.0 |       0 |     189 |   0.0 |  4890
               +---------+---------+-------+---------+---------+-------+---------
